cohdb
Replays
Latest Replays
All Replays
Popular Replays
Top Player Replays
Match Explorer
How It Works
Community
CoH3 Stats
Reddit
Sign in to upload your games and track your stats! →
Sign in with Steam
Match 33610376
Unlisted
Match 33610376
Overview
Messages
Build Orders
End
Construct Barracks
Selects Airborne Battlegroup
Selects Pathfinders
Construct Weapon Support Center
Pathfinder Squad
Pathfinder Squad
Pathfinder Squad
Sniper
Bazooka Squad
Pathfinder Squad
Pathfinder Squad
Selects Paratrooper Squad Paradrop
Construct Medical Station
Selects Anti-tank Gun Team Paradrop
Anti-tank Gun Team Paradrop
Mechanized Support Center
Selects Recon Loiter
Pathfinder Squad
Pathfinder Squad
Construct Tank Depot
Selects Supply Drop
M4A1 Sherman Medium Tank
Engineer Squad
Rearm and Retrofit
Designate Forward Repair Station
M4A1 76mm Conversion
Anti-tank Gun Team Paradrop
Selects Carpet Bombing Run
Improvised Armor
Carpet Bombing Run
mariopl97
Cpt Darling
jwalker987
Belgian Luftwaffle
Charley's
Future
0
0
Comments
sign in to comment!
No comments posted yet!